cohdb
Replays
Latest Replays
All Replays
Popular Replays
Top Player Replays
Match Explorer
How It Works
Community
CoH3 Stats
Reddit
Sign in to upload your games and track your stats! →
Sign in with Steam
Match 39008400
Unlisted
Match 39008400
Overview
Messages
Build Orders
End
Kradschützen Motorcycle Team
Kradschützen Motorcycle Team
Selects Armored Support Battlegroup
Selects Armored Support Battlegroup
250 Light Carrier
Construct Light Support Kompanie
Assault Grenadier Squad
Assault Grenadier Squad
Selects Superior Fire Drills
Selects Superior Fire Drills
Construct Mechanized Kompanie
Vehicle Survival Package
8 Rad Armored Car
Panzerjäger Mechanized Group
8 Rad Armored Car
Selects Salvage Kits
Support Armor Elements
Emergency Repair Kits
Willaguy
只愛❤毛妹
0
0
Comments
sign in to comment!
No comments posted yet!